3L
LAS VEGAS FLAMINGOS @ THUNDER BAY NORTHERN LIONS BC
09/16/2022
 
TOP OF THE 1ST
Las Vegas Flamingos batting - Pitching for Thunder Bay Northern Lions BC : RHP Ramón Ortega
Pitching: RHP Ramón Ortega
Batting: RHB Pablo Lugo 0-0: Ball
1-0: Called Strike
1-1: Ball
2-1: SOLO HOME RUN (Flyball, 7D), Distance : 386 ft
Batting: RHB Bill Taylor 0-0: Called Strike
0-1: Ball
1-1: Swinging Strike
1-2: Strikes out looking
Batting: RHB Jeff Young 0-0: Called Strike
0-1: DOUBLE (Flyball, 7LD) - OUT at third base trying to stretch hit.
Batting: RHB Sake van Arem 0-0: Called Strike
0-1: Called Strike
0-2: Foul Ball, location: 2F
0-2: Strikes out swinging
Top of the 1st over - 1 run(s), 2 hit(s), 0 error(s), 0 left on base; Las Vegas 1 - Thunder Bay 0
BOTTOM OF THE 1ST
Thunder Bay Northern Lions BC batting - Pitching for Las Vegas Flamingos : RHP Don Thompson
Pitching: RHP Don Thompson
Batting: LHB Curtis Peters 0-0: Ball
1-0: Ball
2-0: Bunted foul
2-1: Foul Ball, location: 2F
2-2: Fly out, F5 (Popup, 5F)
Batting: LHB Pancho García 0-0: Ground out 6-3 (Groundball, 6)
Batting: RHB Jonathan Cook 0-0: Foul Ball, location: 2F
0-1: Ball
1-1: Foul Ball, location: 2F
1-2: Ball
2-2: Ball
3-2: Foul Ball, location: 2F
3-2: Ground out 4-3 (Groundball, 4)
Bottom of the 1st over - 0 run(s), 0 hit(s), 0 error(s), 0 left on base; Las Vegas 1 - Thunder Bay 0
TOP OF THE 2ND
Las Vegas Flamingos batting - Pitching for Thunder Bay Northern Lions BC : RHP Ramón Ortega
Batting: LHB Kenneth Chapman 0-0: Fly out, F7 (Flyball, 7LS)
Batting: RHB Steven Talley 0-0: Ball
1-0: Foul Ball, location: 2F
1-1: Ball
2-1: Ground out 1-3 (Groundball, 13)
Batting: RHB Terry Sylvester 0-0: Called Strike
0-1: Ball
1-1: Foul Ball, location: 2F
1-2: Strikes out swinging
Top of the 2nd over - 0 run(s), 0 hit(s), 0 error(s), 0 left on base; Las Vegas 1 - Thunder Bay 0
BOTTOM OF THE 2ND
Thunder Bay Northern Lions BC batting - Pitching for Las Vegas Flamingos : RHP Don Thompson
Batting: LHB John Brewer 0-0: Ball
1-0: Ball
2-0: Ball
3-0: Base on Balls
Batting: RHB Robert O'Connor 0-0: Ball
1-0: Ball
2-0: Ball
3-0: Called Strike
3-1: Grounds into double play, 1-6-3 (Groundball, 15)
Batting: SHB Carlos Rodríguez 0-0: Ball
1-0: Ball
2-0: Ball
3-0: Called Strike
3-1: Base on Balls
Batting: RHB Ed Whitaker 0-0: Called Strike
0-1: Ball
1-1: Called Strike
Carlos Rodríguez is caught stealing 2nd base
Bottom of the 2nd over - 0 run(s), 0 hit(s), 0 error(s), 0 left on base; Las Vegas 1 - Thunder Bay 0
TOP OF THE 3RD
Las Vegas Flamingos batting - Pitching for Thunder Bay Northern Lions BC : RHP Ramón Ortega
Batting: RHB Ted Young 0-0: Ball
1-0: Called Strike
1-1: Ball
2-1: Called Strike
2-2: Strikes out swinging
Batting: LHB José Meléndez 0-0: Ball
1-0: Ball
2-0: Ball
3-0: Called Strike
3-1: Base on Balls
Batting: RHB Pablo Lugo 0-0: Called Strike
0-1: Ball
1-1: Ball
2-1: Swinging Strike
2-2: Foul Ball, location: 2F
2-2: Fly out, F8 (Flyball, 8RXD)
Batting: RHB Bill Taylor 0-0: Ball
1-0: Ball
2-0: Called Strike
2-1: Fielders Choice at 2nd, 5-4 (Groundball, 5)
Top of the 3rd over - 0 run(s), 0 hit(s), 0 error(s), 0 left on base; Las Vegas 1 - Thunder Bay 0
BOTTOM OF THE 3RD
Thunder Bay Northern Lions BC batting - Pitching for Las Vegas Flamingos : RHP Don Thompson
Batting: RHB Ed Whitaker 0-0: Called Strike
0-1: Ball
1-1: Foul Ball, location: 2F
1-2: Ball
2-2: Foul Ball, location: 2F
2-2: Foul Ball, location: 2F
2-2: Foul Ball, location: 2F
2-2: Foul Ball, location: 2F
2-2: Ball
3-2: SINGLE (Line Drive, 56D)
Batting: LHB David Martínez 0-0: Ball
1-0: Ball
2-0: SINGLE (Groundball, 4MD)
Ed Whitaker to second
Batting: LHB Tim Hill 0-0: Ball
1-0: Grounds into double play, 1-6-3 (Groundball, 15)
Ed Whitaker to third
Batting: LHB Curtis Peters 0-0: Ball
1-0: Ball
2-0: Ball
3-0: Base on Balls
Batting: LHB Pancho García 0-0: Called Strike
0-1: Ball
1-1: Foul Ball, location: 2F
1-2: Foul Ball, location: 2F
1-2: Foul Ball, location: 2F
1-2: Ball
2-2: Ball
3-2: Base on Balls
Curtis Peters to second
Batting: RHB Jonathan Cook 0-0: Ball
1-0: Ball
2-0: Ball
3-0: Called Strike
3-1: Fly out, F9 (Flyball, 89S)
Bottom of the 3rd over - 0 run(s), 2 hit(s), 0 error(s), 3 left on base; Las Vegas 1 - Thunder Bay 0
TOP OF THE 4TH
Las Vegas Flamingos batting - Pitching for Thunder Bay Northern Lions BC : RHP Ramón Ortega
Batting: RHB Jeff Young 0-0: Ball
1-0: Called Strike
1-1: Ball
2-1: Fly out, F7 (Flyball, 7M)
Batting: RHB Sake van Arem 0-0: Called Strike
0-1: Foul Ball, location: 2F
0-2: Ground out 6-3 (Groundball, 6)
Batting: LHB Kenneth Chapman 0-0: Ball
1-0: Ball
2-0: Called Strike
2-1: Foul Ball, location: 2F
2-2: Strikes out looking
Top of the 4th over - 0 run(s), 0 hit(s), 0 error(s), 0 left on base; Las Vegas 1 - Thunder Bay 0
BOTTOM OF THE 4TH
Thunder Bay Northern Lions BC batting - Pitching for Las Vegas Flamingos : RHP Don Thompson
Batting: LHB John Brewer 0-0: Called Strike
0-1: Ball
1-1: Foul Ball, location: 2F
1-2: Strikes out looking
Batting: RHB Robert O'Connor 0-0: Foul Ball, location: 2F
0-1: Called Strike
0-2: SINGLE (Groundball, 6MD)
Batting: SHB Carlos Rodríguez 0-0: Ball
1-0: Foul Ball, location: 2F
1-1: SINGLE (Groundball, 4M)
Robert O'Connor to second
Runner from 2nd tries for 3rd, SAFE, throw made to third
Batting: RHB Ed Whitaker 0-0: Called Strike
0-1: Ball
1-1: Fly out, F3 (Popup, 3F)
Batting: LHB David Martínez 0-0: Ball
1-0: Fly out, F7 (Flyball, 7LS)
Bottom of the 4th over - 0 run(s), 2 hit(s), 0 error(s), 2 left on base; Las Vegas 1 - Thunder Bay 0
TOP OF THE 5TH
Las Vegas Flamingos batting - Pitching for Thunder Bay Northern Lions BC : RHP Ramón Ortega
Batting: RHB Steven Talley 0-0: Ball
1-0: Ball
2-0: Ball
3-0: Base on Balls
Batting: RHB Terry Sylvester 0-0: Foul Ball, location: 2F
0-1: Foul Ball, location: 2F
0-2: Strikes out looking
Batting: RHB Ted Young 0-0: Ball
Steven Talley steals 2nd base
1-0: Foul Ball, location: 2F
1-1: Called Strike
1-2: Ball
2-2: Ball
3-2: SINGLE (Line Drive, 34D)
Steven Talley to third
Runner from 3rd tries for Home, throw and OUT!
Batting: LHB José Meléndez 0-0: Called Strike
0-1: Ball
1-1: Fielders Choice at 2nd, U4 (Groundball, 4M)
Top of the 5th over - 0 run(s), 1 hit(s), 0 error(s), 1 left on base; Las Vegas 1 - Thunder Bay 0
BOTTOM OF THE 5TH
Thunder Bay Northern Lions BC batting - Pitching for Las Vegas Flamingos : RHP Don Thompson
Batting: LHB Tim Hill 0-0: Ball
1-0: Called Strike
1-1: Called Strike
1-2: Ball
2-2: Ground out 4-3 (Groundball, 4)
Batting: LHB Curtis Peters 0-0: Ball
1-0: Called Strike
1-1: Called Strike
1-2: Ground out 5-3 (Groundball, 5S)
Batting: LHB Pancho García 0-0: Fly out, F5 (Popup, 5)
Bottom of the 5th over - 0 run(s), 0 hit(s), 0 error(s), 0 left on base; Las Vegas 1 - Thunder Bay 0
TOP OF THE 6TH
Las Vegas Flamingos batting - Pitching for Thunder Bay Northern Lions BC : RHP Ramón Ortega
Batting: RHB Pablo Lugo 0-0: Swinging Strike
0-1: Ball
1-1: Swinging Strike
1-2: Strikes out swinging
Batting: RHB Bill Taylor 0-0: Ball
1-0: Swinging Strike
1-1: Foul Ball, location: 2F
1-2: Strikes out looking
Batting: RHB Jeff Young 0-0: Ball
1-0: Foul Ball, location: 2F
1-1: Swinging Strike
1-2: Ball
2-2: Fly out, F9 (Flyball, 9LM)
Top of the 6th over - 0 run(s), 0 hit(s), 0 error(s), 0 left on base; Las Vegas 1 - Thunder Bay 0
BOTTOM OF THE 6TH
Thunder Bay Northern Lions BC batting - Pitching for Las Vegas Flamingos : RHP Don Thompson
Batting: RHB Jonathan Cook 0-0: Ball
1-0: Foul Ball, location: 2F
1-1: Ball
2-1: Ball
3-1: SINGLE (Groundball, 3D)
Batting: LHB John Brewer 0-0: Ball
1-0: Ball
2-0: Called Strike
2-1: Ball
3-1: Foul Ball, location: 2F
3-2: Base on Balls
Jonathan Cook to second
Batting: RHB Robert O'Connor 0-0: Ball
1-0: Called Strike
1-1: Ball
2-1: Foul Ball, location: 2F
2-2: Grounds into double play, 6-4-3 (Groundball, 6)
Jonathan Cook to third
Batting: SHB Carlos Rodríguez 0-0: Ball
1-0: Ball
2-0: Ball
Wild Pitch!
Jonathan Cook scores
3-0: Base on Balls
Batting: RHB Ed Whitaker 0-0: Fly out, F8 (Flyball, 8LS)
Bottom of the 6th over - 1 run(s), 1 hit(s), 0 error(s), 1 left on base; Las Vegas 1 - Thunder Bay 1
TOP OF THE 7TH
Las Vegas Flamingos batting - Pitching for Thunder Bay Northern Lions BC : RHP Ramón Ortega
Batting: RHB Sake van Arem 0-0: Foul Ball, location: 2F
0-1: Ball
1-1: Ball
2-1: Foul Ball, location: 2F
2-2: Strikes out swinging
Batting: LHB Kenneth Chapman 0-0: Ball
1-0: Ball
2-0: Ball
3-0: Called Strike
3-1: SINGLE (Groundball, 6MD)
Pitching: LHP Mhelter Vitor
Batting: RHB Steven Talley 0-0: Ball
1-0: Fly out, F8 (Flyball, 8LXD)
Pinch Hitting: RHB San-gui Liang 0-0: Ball
1-0: SINGLE (Groundball, 6M)
Kenneth Chapman to second
Batting: RHB Ted Young 0-0: Fly out, F9 (Flyball, 9S)
Top of the 7th over - 0 run(s), 2 hit(s), 0 error(s), 2 left on base; Las Vegas 1 - Thunder Bay 1
BOTTOM OF THE 7TH
Thunder Bay Northern Lions BC batting - Pitching for Las Vegas Flamingos : RHP Don Thompson
Now in RF: Wayne Bannatyne
Batting: LHB David Martínez 0-0: Foul Ball, location: 2F
0-1: Ball
1-1: SINGLE (Groundball, 5D)
Pitching: LHP Carlos Vargas
Batting: LHB Tim Hill 0-0: Sac Bunt - play at first, batter OUT! 2-4
David Martínez to second
Batting: LHB Curtis Peters 0-0: Called Strike
0-1: Fly out, F4 (Popup, 4D)
Batting: LHB Pancho García 0-0: Ball
1-0: Called Strike
1-1: Foul Ball, location: 2F
1-2: Strikes out swinging
Bottom of the 7th over - 0 run(s), 1 hit(s), 0 error(s), 1 left on base; Las Vegas 1 - Thunder Bay 1
TOP OF THE 8TH
Las Vegas Flamingos batting - Pitching for Thunder Bay Northern Lions BC : LHP Mhelter Vitor
Pinch Hitting: RHB Aaron Harper 0-0: Called Strike
0-1: Called Strike
0-2: Ball
1-2: Ball
2-2: SINGLE (Line Drive, 89M)
Batting: RHB Pablo Lugo 0-0: Sac Bunt - play at first, batter OUT! 3-4
Aaron Harper to second
Batting: RHB Bill Taylor 0-0: Ball
1-0: Ball
2-0: Ball
3-0: Base on Balls
Batting: RHB Jeff Young 0-0: SINGLE (Groundball, 56D)
Aaron Harper to third
Bill Taylor to second
Runner from 3rd tries for Home, SAFE, throw made home
Batting: RHB Sake van Arem 0-0: Ball
1-0: Swinging Strike
1-1: Foul Ball, location: 2F
1-2: Ball
2-2: Foul Ball, location: 2F
2-2: Fly out, F7 (Flyball, 7M)
Batting: LHB Kenneth Chapman 0-0: Foul Ball, location: 2F
0-1: Called Strike
0-2: Foul Ball, location: 2F
0-2: SINGLE (Line Drive, 4MD)
Bill Taylor to third
Jeff Young to second
Runner from 3rd tries for Home, SAFE, no throw or cutoff
Batting: RHB Steven Talley 0-0: Ball
1-0: Ball
2-0: Called Strike
2-1: Foul Ball, location: 2F
2-2: Foul Ball, location: 2F
2-2: Strikes out swinging
Top of the 8th over - 2 run(s), 3 hit(s), 0 error(s), 2 left on base; Las Vegas 3 - Thunder Bay 1
BOTTOM OF THE 8TH
Thunder Bay Northern Lions BC batting - Pitching for Las Vegas Flamingos : LHP Carlos Vargas
Now in LF: Aaron Harper
Batting: RHB Jonathan Cook 0-0: Ball
1-0: Foul Ball, location: 2F
1-1: Ball
2-1: Ball
3-1: Foul Ball, location: 2F
3-2: DOUBLE (Flyball, 8LD)
Pitching: LHP Russ Melanson
Batting: LHB John Brewer 0-0: Ball
1-0: Foul Ball, location: 2F
1-1: Called Strike
1-2: Foul Ball, location: 2F
1-2: Foul Ball, location: 2F
1-2: Foul Ball, location: 2F
1-2: Foul Ball, location: 2F
1-2: Ball
2-2: Foul Ball, location: 2F
2-2: Ball
3-2: Ground out 4-3 (Groundball, 34)
Jonathan Cook to third
Pitching: RHP Nick Taylor
Batting: RHB Robert O'Connor 0-0: Ball
1-0: Called Strike
1-1: Called Strike
1-2: Strikes out looking
Pitching: LHP Cody Brown
Batting: SHB Carlos Rodríguez 0-0: Ball
1-0: Ball
2-0: Called Strike
2-1: Ball
3-1: Fly out, F8 (Flyball, 8LXD)
Bottom of the 8th over - 0 run(s), 1 hit(s), 0 error(s), 1 left on base; Las Vegas 3 - Thunder Bay 1
TOP OF THE 9TH
Las Vegas Flamingos batting - Pitching for Thunder Bay Northern Lions BC : LHP Mhelter Vitor
Batting: RHB Wayne Bannatyne 0-0: Ball
1-0: Fly out, F7 (Line Drive, 7M)
Batting: RHB Ted Young 0-0: Called Strike
0-1: Fly out, F8 (Flyball, 8RM)
Batting: RHB Aaron Harper 0-0: Called Strike
0-1: Ball
1-1: Foul Ball, location: 2F
1-2: Ball
2-2: Ball
3-2: SINGLE (Groundball, 5D)
Batting: RHB Pablo Lugo 0-0: Ball
1-0: Foul Ball, location: 2F
1-1: Ball
2-1: Foul Ball, location: 2F
2-2: Fly out, F8 (Flyball, 8RM)
Top of the 9th over - 0 run(s), 1 hit(s), 0 error(s), 1 left on base; Las Vegas 3 - Thunder Bay 1
BOTTOM OF THE 9TH
Thunder Bay Northern Lions BC batting - Pitching for Las Vegas Flamingos : LHP Cody Brown
Pitching: RHP Alfredo Martínez
Batting: RHB Ed Whitaker 0-0: Swinging Strike
0-1: Swinging Strike
0-2: Strikes out swinging
Batting: LHB David Martínez 0-0: Called Strike
0-1: Ball
1-1: Called Strike
1-2: Strikes out swinging
Batting: LHB Tim Hill 0-0: Ball
1-0: Ball
2-0: Called Strike
2-1: Fly out, F6 (Popup, 6MD)
Bottom of the 9th over - 0 run(s), 0 hit(s), 0 error(s), 0 left on base; Las Vegas 3 - Thunder Bay 1
This league is powered by Out of the Park Baseball, the baseball management simulation game for PC, Mac and Linux
Friday, April 15th, 2016 - OOTP Baseball 16.9 Build 39